Cogmind - Beta 9.1 @@@ ROGUE MODE // 2019.11.05 @ 01:54:11 Player: MrPainting Result: Self-destructed Performance ------------- Evolutions (1) 500 Regions Visited (2) 400 Robots Destroyed (50) 250 Value Destroyed (900) 900 Prototype IDs (2) 40 Alien Tech Used (0) 0 Bonus (260) 260 TOTAL SCORE: 2350 Bonus ------- Pacifist 200 High Alert Combat Kills 60 Cogmind --------- Core Integrity 5/400 Matter 5/300 Energy 85/100 System Corruption 1% Temperature Cool (0) Location -9/Materials Parts ------- Power (1) Propulsion (3) Utility (3) High-capacity Storage Unit Weapon Shielding Weapon (2) Missile Launcher Inventory (12) Nuclear Core Aluminum Leg Heat Sink Advanced Signal Interpreter Improved Propulsion Shielding Heavy Armor Plating Improved Assault Rifle Missile Launcher Missile Launcher Peak State ------------ Power (None) Propulsion Aluminum Leg Aluminum Leg Aluminum Leg Utility High-capacity Storage Unit Heavy Armor Plating Weapon Improved Assault Rifle Improved Assault Rifle Inventory Nuclear Core Nuclear Core Heat Sink Advanced Signal Interpreter Advanced Signal Interpreter Improved Propulsion Shielding Heavy Armor Plating Missile Launcher Missile Launcher Missile Launcher Missile Launcher [Rating: 19] Favorites ----------- Power Backup Power I Engine Backup Power I Power Core Nuclear Core Propulsion Aluminum Leg Treads Light Treads Leg Aluminum Leg Hover Unit Backup Propulsion I Utility High-capacity Storage Unit Storage High-capacity Storage Unit Processor Advanced Signal Interpreter Protection Heavy Armor Plating Weapon Missile Launcher Energy Gun EM Pulse Gun Ballistic Gun Improved Assault Rifle Launcher Missile Launcher Build | -11 -10 -9 ------- Run | Scr Mat Mat Slots Evolved 2 | . . 2 Power . | . . . Propulsion 1 | . . 1 Utility 1 | . . 1 Weapon . | . . . Parts Attached 31 | 8 . 23 Power 4 | 1 . 3 Engine 2 | 1 . 1 Core 2 | . . 2 Reactor . | . . . Propulsion 9 | 4 . 5 Treads 2 | 2 . . Leg 7 | 2 . 5 Wheel . | . . . Hover . | . . . Flight . | . . . Utility 7 | 1 . 6 Device . | . . . Storage 3 | 1 . 2 Processor 1 | . . 1 Hackware . | . . . Protection 3 | . . 3 Artifact . | . . . Weapon 11 | 2 . 9 Energy Gun 4 | 2 . 2 Energy Cannon . | . . . Ballistic Gun 3 | . . 3 Ballistic Cannon . | . . . Launcher 4 | . . 4 Special Weapon . | . . . Impact Weapon . | . . . Slashing Weapon . | . . . Piercing Weapon . | . . . Special Melee Weapon . | . . . Unidentified Prototypes 2 | . . 2 Parts Lost 11 | . 3 8 Power 3 | . 1 2 Propulsion 3 | . . 3 Utility 1 | . . 1 Weapon 4 | . 2 2 Highest Loss Streak 4 | . 3 4 Average Slot Usage (%) 72 | . 83 70 Engine 5 | . 14 3 Core 2 | . . 2 Treads 4 | . 28 . Leg 16 | . . 20 Hover 1 | . . 2 Storage 10 | . 14 10 Processor 3 | . . 4 Protection 6 | . . 7 Energy Gun 6 | . 26 3 Ballistic Gun 6 | . . 8 Launcher 7 | . . 8 Naked Turns 10 | . . 10 Heaviest Build 60 | 11 11 60 Greatest Support 40 | 40 40 30 Greatest Overweight (x) 14 | . . 14 Average Overweight (x) . | . . 1 Largest Inventory Capacity 12 | 6 6 12 Average Capacity 9 | 4 6 10 Most Carried 12 | 1 1 12 Average Carried 7 | . . 8 Final Capacity 12 | 6 6 12 Final Carried 10 | . 1 10 Class Distribution -------------------- 100% | Mutant Dominant Class ---------------- Mutant | -10/Materials Mutant | -9/Materials Resources | -11 -10 -9 ----------- Run | Scr Mat Mat Matter Collected 639 | 185 . 454 Remotely . | . . . Salvage Created 835 | . . 835 Parts 74 | . . 74 Haulers Intercepted 3 | . . 3 Recyclers Shooed 1 | . . 1 Parts Field Recycled . | . . . Retrieved Matter . | . . . Parts Self-Destructed . | . . . Prevented . | . . . Kills | -11 -10 -9 ------- Run | Scr Mat Mat Combat Hostiles Destroyed 32 | . . 32 Guns 13 | . . 13 AOE 19 | . . 19 Classes Destroyed 10 | . . 10 Worker 1 | . . 1 Builder 6 | . . 6 Tunneler 1 | . . 1 Hauler 3 | . . 3 Recycler 1 | . . 1 Operator 3 | . . 3 Watcher 3 | . . 3 Swarmer 17 | . . 17 Grunt 11 | . . 11 Sentry 4 | . . 4 Best Kill Streak 14 | . . 14 Combat Bots Only 6 | . . 6 Max Kills in Single Turn 9 | . . 9 Gunslinging . | . . . Exploded 3 | . . 3 Melee . | . . . Uniques/NPCs Destroyed . | . . . Combat | -11 -10 -9 -------- Run | Scr Mat Mat Damage Taken 1910 | . 459 1451 Core 454 | . 59 395 Absorbed by Shields . | . . . Core Remaining (%) 88 | 100 76 . Volleys Fired 74 | . . 74 Largest 2 | . . 2 Hottest 72 | . . 72 Shots Fired 89 | . . 89 Gun 64 | . . 64 Cannon . | . . . Launcher 25 | . . 25 Special . | . . . Kinetic 50 | . . 50 Thermal 14 | . . 14 Explosive 25 | . . 25 Electromagnetic . | . . . Robot Hit Streak 7 | . . 7 Robot Miss Streak 3 | . . 3 Penetration Max . | . . . Secondary Targets . | . . . Shots Hit Robots 57 | . . 57 Core Hits 66 | . . 66 Critical Hits . | . . . Critical Kills . | . . . Critical Parts Destroyed . | . . . Melee Attacks . | . . . Impact . | . . . Slashing . | . . . Piercing . | . . . Sneak Attacks . | . . . Combat Hostiles . | . . . Follow-up Attacks . | . . . Damage Inflicted 3075 | . 9 3066 Guns 740 | . . 740 Cannons . | . . . Explosions 2312 | . . 2312 Melee . | . . . Ramming 23 | . 9 14 Kinetic 579 | . . 579 Thermal 161 | . . 161 Explosive 2283 | . . 2283 Electromagnetic 29 | . . 29 Impact . | . . . Slashing . | . . . Piercing . | . . . Highest Corruption 3 | . 3 1 Average Corruption 1 | . 2 1 Corruption Purged . | . . . Effects 2 | . 2 . Matter Fused 1 | . 1 . Energy Discharges 1 | . 1 . Overload Shots . | . . . Overflow Damage 93 | . . 93 Projectiles . | . . . Explosions 93 | . . 93 Melee . | . . . Knockbacks . | . . . Impact . | . . . Kinetic . | . . . Secondary . | . . . Self-Inflicted Damage 131 | . . 131 Shots 6 | . . 6 Rammed 1 | . 1 . Targets Rammed 2 | . 1 1 Kicked 1 | . . 1 Crushed . | . . . Highest Temperature 110 | . . 110 Average Temperature 29 | . . 29 Received Heat Transfer 675 | . 144 531 Siege Activations . | . . . Robots Corrupted . | . . . Combat Hostiles . | . . . Parts Fried . | . . . Impact Corruptions . | . . . Robots Melted . | . . . Combat Hostiles . | . . . Parts Melted . | . . . Heat Transferred 444 | . . 444 Parts Sabotaged . | . . . Parts Stolen . | . . . Parts Stripped . | . . . Power Chain Reactions . | . . . Missiles Intercepted . | . . . Alert | -11 -10 -9 ------- Run | Scr Mat Mat Peak Influence 728 | . 30 728 Average Influence 208 | . 4 269 Maximum Alert Level 3 | . . 3 Low Security (%) 58 | . . . Level 1 22 | . . . Level 2 16 | . . . Level 3 2 | . . . Level 4 . | . . . Level 5 . | . . . High Security . | . . . Max Security . | . . . Squads Dispatched 7 | . 2 5 Investigation . | . . . Extermination . | . . . Reinforcement 6 | . 2 4 Assault 1 | . . 1 Garrison . | . . . Intercept . | . . . Construction Impeded 2 | . . 2 Haulers Reinforced . | . . . Stealth | -11 -10 -9 --------- Run | Scr Mat Mat Distress Signals 2 | . . 2 Communications Jammed . | . . . Distress Signals . | . . . Times Spotted 63 | . 12 51 Peak Tracking Total 9 | . 9 6 Tactical Retreats 1 | . . 1 Traps | -11 -10 -9 ------- Run | Scr Mat Mat Traps Triggered 2 | . 2 . Indirectly . | . . . Trap Hack Attempts . | . . . Triggered . | . . . Disarmed . | . . . Reprogrammed . | . . . Reused . | . . . Traps Extracted . | . . . Installed . | . . . Triggered . | . . . Machines | -11 -10 -9 ---------- Run | Scr Mat Mat Machines Disabled 3 | . . 3 Max in Single Turn 1 | . . 1 Machines Sabotaged . | . . . Garrisons Compromised . | . . . Overloaded Fab Kills . | . . . Fab Network Shutdowns . | . . . Hacking | -11 -10 -9 --------- Run | Scr Mat Mat Machines Accessed 2 | . . 2 Terminals . | . . . Fabricators . | . . . Repair Stations 1 | . . 1 Recycling Units . | . . . Scanalyzers 1 | . . 1 Garrison Access . | . . . Total Hacks 6 | . . 6 Successful 5 | . . 5 Failed 1 | . . 1 Catastrophic . | . . . Database Lockouts . | . . . Manual . | . . . Terminals . | . . . Fabricators . | . . . Repair Stations 1 | . . 1 Recycling Units . | . . . Scanalyzers 5 | . . 5 Garrison Access . | . . . Terminal Hacks . | . . . Fabricator Hacks . | . . . Repair Station Hacks 1 | . . 1 Refit 1 | . . 1 Recycling Unit Hacks . | . . . Scanalyzer 4 | . . 4 Insert Component 2 | . . 2 Analyze 2 | . . 2 Garrison Access Hacks . | . . . Unauthorized Hacks . | . . . Terminals . | . . . Fabricators . | . . . Repair Stations . | . . . Recycling Units . | . . . Scanalyzers . | . . . Garrison Access . | . . . Data Cores Recovered 1 | . . 1 Used . | . . . Hacking Detections 1 | . . 1 Full Trace Events . | . . . Feedback Events . | . . . Feedback Blocked . | . . . Robot Schematics Acquired . | . . . Robots Built . | . . . Matter . | . . . Time . | . . . Total Robot Build Rating . | . . . Part Schematics Acquired 2 | . . 2 Parts Built . | . . . Matter . | . . . Time . | . . . Total Part Build Rating . | . . . Parts Repaired . | . . . Time . | . . . Parts Recycled . | . . . Recycled Matter . | . . . Retrieved Matter . | . . . Retrieved Components . | . . . Parts Scanalyzed 2 | . . 2 Part Schematics Acquired 2 | . . 2 Parts Damaged . | . . . Bothacking | -11 -10 -9 ------------ Run | Scr Mat Mat Used RIF Installer . | . . . Robots Hacked . | . . . Non-combat . | . . . Combat . | . . . Robot Hacks Applied . | . . . Relay Couplers Released . | . . . Robots Rewired . | . . . Allies Hacked . | . . . Hacks Repelled . | . . . Allies | -11 -10 -9 -------- Run | Scr Mat Mat Total Allies . | . . . Largest Group . | . . . Highest-Rated Group . | . . . Highest-Rated Ally . | . . . Total Orders . | . . . Ally Attacks . | . . . Total Damage . | . . . Kills . | . . . Allies Corrupted . | . . . Allies Melted . | . . . Intel | -11 -10 -9 ------- Run | Scr Mat Mat Robot Analysis Total . | . . . Derelict Logs Recovered . | . . . Drone Launches . | . . . Drone Recoveries . | . . . Exploration | -11 -10 -9 ------------- Run | Scr Mat Mat Turns Passed 1141 | 87 173 881 Spaces Moved 612 | 54 107 451 Core 63 | 5 . 58 Treads 141 | 34 107 . Legs 326 | 15 . 311 Wheels . | . . . Hover 82 | . . 82 Flight . | . . . Fastest Speed 50 | 50 160 50 Average Speed 147 | 138 160 145 Slowest Speed 750 | 160 160 750 Overloaded Moves . | . . . Propulsion Burnouts . | . . . Robots Hopped . | . . . Cave-ins Triggered . | . . . Exploration Rate (%) 25 | 4 28 45 Regions Visited 2 Branch Regions . Pre-discovered Areas . | . . . Known Exits Taken . | . . . Unknown Exits Taken 2 | 1 1 . Scrap Searched . | . . . Spaces Dug . | . . . Terrain Destroyed 195 | . . 195 Melee . | . . . Projectile . | . . . AOE 195 | . . 195 Actions | -11 -10 -9 --------- Run | Scr Mat Mat Total 758 | 64 108 586 Wait . | . . . Move 610 | 53 106 451 Hop . | . . . Pick Up 22 | 1 1 20 Fast Attach 11 | 7 . 4 Attach 12 | 1 . 11 Detach 2 | . . 2 Swap 8 | . . 8 Drop 17 | 2 . 15 Fire 74 | . . 74 Melee . | . . . Ram . | . . . Kick 1 | . . 1 Crush 1 | . 1 . Escape Stasis . | . . . Rewire . | . . . Trap . | . . . Miscellaneous . | . . . Route ------- -11/Scrapyard -10/Materials (discovered 2 exits: *Mat / [*Min]) -9/Materials (discovered 1 exit: *Mat) History --------- Turn | Location | Event 8 | -11/Scrapyard | Discovered new exit (range 15) 88 | -11/Scrapyard | Entered Materials 241 | -10/Materials | Discovered new exit (range 13) 245 | -10/Materials | Discovered new exit (range 10) 261 | -10/Materials | Entered another Materials area 261 | -9/Materials | Evolved 2 slots: Propulsion x1, Utility x1 291 | -9/Materials | Lost 3 parts (1p2w) 343 | -9/Materials | Build established: Mutant 749 | -9/Materials | Discovered new exit (range 13) 827 | -9/Materials | Identified exit to Materials 1061 | -9/Materials | First assault squad dispatched 1103 | -9/Materials | Lost 4 parts (3n1w) 1132 | -9/Materials | Core integrity fell below 50% 1139 | -9/Materials | Core integrity fell below 20% 1142 | -9/Materials | Self-destructed Last Messages --------------- 01052_ U-05 Engineer lays Concrete. 01053_ U-05 Engineer builds a Wall. 01059_ Missile Launcher destroyed. 01061_ ALERT: Significant disruption in Zone 1O, assault force dispatched. 01061_ Y-45 Defender destroyed. 01072_ Aluminum Leg destroyed. 01075_ G-34 Mercenary destroyed. 01080_ U-05 Engineer lays Concrete. 01088_ U-05 Engineer builds a Wall. 01096_ U-05 Engineer lays Concrete. 01099_ U-05 Engineer builds a Door. 01105_ U-05 Engineer lays Concrete. 01130_ C-30 ARC bursts open, deploying its payload. 01130_ G-47 Trooper unfolds itself. 01130_ G-34 Mercenary unfolds itself. 01130_ L-31 Rogue unfolds itself. 01130_ M-13 Machinist unfolds itself. 01136_ Nuclear Core destroyed. 01137_ Imp. Assault Rifle destroyed. 01140_ Adv. Signal Interpreter destroyed. Map ----- +----------------------------------------------------+ | | | | | | | | | | | | | | | | | | | | | | | ?????????????????????????????????????????????????? | | ?????????????????????????????????????????????????? | | ?????????????????????????????????????????????????? | | ?????????????????????????????????????????????????? | | ?????????????????????????????????????????????????? | | ?????????????????????????????????????????????????? | | ?????????????????????????????????????????????????? | | ?????????????????????????????????????????????????? | | ?????????????????????????????????????????????????? | | ?????????????????????????????????????????????????? | | ?????????????????????????????????????????????????? | | ??????????????????????????##+###?????????????????? | | ???????????????########### #?????????????????? | | ???????######### g l [ ###???????????????? | | ???????# ] ! + %u^ l@=%[ #??????????????? | | ???# # # [g^^ * ## #??????????????? | | ???+ + //[#%= ####### #?????????????????? | | ???????# /[[#*= #############?????????????????? | | ???#???# /[[#% =## #??????????????????? | | ???# ?#########[! """ ?????????????????????? | | ??# ###### """""?????????????????????? | | ?? """""?????????????????????? | | ??# / """""?????????????????????? | | ??# # """ ?????????????????????? | | ??? ####### # #??????????????????? | | ???# #??????## ## #??????????????????? | | ???# #???????# #??#####+###??????????????????? | | ???#^^^#???????# #????????#????????????????????? | | ???#^^^+???????# #?????????????????????????????? | | ???# #???????# #?????????????????????????????? | | ???# #???????# #?????????????????????????????? | | ???# #??????## ##????????????????????????????? | | ???# ######## #????????????????????????????? | | #### #????????????????????????????? | | #????????????????????????????? | | ??## #????????????????????????????? | | ???# #### #????????????????????????????? | | ???# #??#######????????????????????????????? | | ???# #?????????????????????????????????????? | +----------------------------------------------------+ Best States ------------- Heat Dissipation 28 Energy Generation 14 Energy Capacity 240 Matter Stores 300 Matter Capacity 300 Sight Range 16 Terrain Scan Density 10 Armor Coverage 600 Weapon Shielding 33 Evasion (%) 50 Recoil Reduction 2 Item Schematics ----------------- Adv. Signal Interpreter | -9/Materials | Scanalyzed Hvy. Armor Plating | -9/Materials | Scanalyzed Robot Schematics ------------------ None Fabricated ------------ Nothing Alien Tech Used ----------------- None Achievements -------------- None Challenges ------------ None Game ------ Seed RagnarokBiocellSpear Manual? 0 Play Time 00:12:35 Cumulative 110.6 hours Start 2019.11.05 @ 01:43:44 End 2019.11.05 @ 01:54:11 Sessions 1 Manual Loads 0 Difficulty Rogue Special Mode None Game No. 192 Rogue 192 Adventurer 0 Explorer 0 Win Type - Total 0 Types 0/0/0/0/0/0/0 Lore% 33 Gallery% 49 Achievement% 34 Wizard Run 0 Options --------- ASCII 0 Keyboard 0 Movement Mouse Keybinds 0 Fullscreen 1 Font 18/SmallcapsGlow Map View 76x50 Tactical HUD 1 Map Filters NONE Filters NONE Steam 1 RUN: ab9898f9-050a-46b2-bcde-833800d40907